cohdb
Replays
Latest Replays
All Replays
Popular Replays
Top Player Replays
Match Explorer
How It Works
Community
CoH3 Stats
Reddit
Sign in to upload your games and track your stats! →
Sign in with Steam
Match 41218977
Unlisted
Match 41218977
Overview
Messages
Build Orders
End
Construct Section Command Post
Vickers Machine Gun Team
Selects Canadian Shock Battlegroup
Infantry Section
ML 3-inch Mortar Team
Infantry Section
Construct Platoon Command Post
Selects Attacking Spirit
Selects Canadian Shock Section
Grenade Package
Humber Armored Car
Selects Incendiary Munitions
Canadian Shock Section
Construct Field Infirmary
Unlock Bishop Self-propelled Artillery
6-pounder Anti-tank Gun Team
Selects Pyrotechnics
qZeto
BIOHAZARD
john_wik
KuckMuck
Flint_Beastwood
Chinese players always play bad
0
0
Comments
sign in to comment!
No comments posted yet!